 Seeded DCSS version 0.30.1-4-g462c640d31 (webtiles) character file.

Game seed: 20230804 (custom seed)

1019 AccursedSamuel the Sneak (level 8, 0/48 HPs)
             Began as a Tengu Delver on Aug 10, 2023.
             Was a Priest of Jiyva.
             Succumbed to a killer bee's poison
             ... on level 7 of the Dungeon.
             The game lasted 00:17:25 (4507 turns).

AccursedSamuel the Sneak (Tengu Delver)             Turns: 4507, Time: 00:17:25

Health: 0/48       AC:  8    Str: 14 (15) XL:     8   Next: 22%
Magic:  9/9        EV: 14    Int:  9 (11) God:    Jiyva [***...]
Gold:   74         SH:  0    Dex: 14 (15) Spells: 7/7 levels left

rFire   . . .        q - +3 scimitar (heavy)
rCold   . . .        (no shield)
rNeg    . . .        m - +1 ring mail
rPois   +            (helmet restricted)
rElec   .            (no cloak)
rCorr   +            (no gloves)
SInv    .            (boots unavailable)
Will    .....        (no amulet)
Stlth   +++          k - ring of poison resistance
HPRegen 1.40/turn    (no ring)
MPRegen 0.46/turn

%: no passive effects
@: lethally poisoned (0 -> -1), about to teleport, flying quickly and evasively,
quick
A: beak, talons 3, nimble flight, shaggy fur 1, subdued magic 1
a: Renounce Religion, Oozemancy


You were on level 7 of the Dungeon.
You worshipped Jiyva.
Jiyva was most pleased with you.
You visited 1 branch of the dungeon, and saw 4 of its levels.
You also visited: Sewer.

You collected 214 gold pieces.
You spent 140 gold pieces at shops.

Inventory:

Hand Weapons
 a - a +0 falchion
 h - a +1 flail of holy wrath
 i - a +0 dagger of draining
 p - a +1 dagger of holy wrath
 q - a +3 heavy scimitar (weapon)
Armour
 b - a +0 leather armour
 f - +0 steam dragon scales
 m - a +1 ring mail (worn)
Jewellery
 k - a ring of poison resistance (left hand)
Wands
 g - a wand of digging (3)
 j - a wand of flame (9)
Scrolls
 c - 2 scrolls of fog
 d - 2 scrolls of magic mapping
 e - a scroll of fear
 l - 2 scrolls of teleportation
 o - 2 scrolls of identify
Potions
 n - 2 potions of mutation


   Skills:
 + Level 4.4 Fighting
 + Level 4.9(5.1) Short Blades
 + Level 2.2(3.9) Long Blades
 + Level 5.0 Armour
 + Level 4.1 Dodging
 + Level 6.9 Stealth


You had 7 spell levels left.
You didn't know any spells.
Your spell library was empty.

Dungeon Overview and Level Annotations

Branches:
Dungeon (7/15)             Temple (0/1) D:5           Sewer (visited)

Altars:
Ashenzari
Fedhas
Makhleb
Nemelex Xobeh
Trog
Vehumet
Wu Jian
Xom
Zin

Shops:
D:5 :   D:6 (


Innate Abilities, Weirdness & Mutations

You have a beak for a mouth.
You have claws for feet.
Your magical nature lets you fly swiftly and evasively.
You are covered in fur. (AC +1)
Your spells are a little easier to cast, but a little less powerful.


Message History

The killer bee barely misses you. The killer bee stings you!
The killer bee stings you but does no damage.
The killer bee stings you.
You are poisoned.
The killer bee poisons you! The killer bee barely misses you.
The killer bee stings you but does no damage.
You closely miss the killer bee. Your kick misses the killer bee.
Your peck misses the killer bee.
The killer bee is lightly wounded.
You feel very sick. The killer bee stings you.
You are more poisoned.
The killer bee poisons you!
The killer bee stings you but does no damage.
The killer bee completely misses you.
The killer bee stings you but does no damage. x3
The killer bee closely misses you. x2; The killer bee stings you.
* * * LOW HITPOINT WARNING * * *
You slice the killer bee!!
You kill the killer bee!
You feel extremely sick. The killer bee barely misses you.
The killer bee stings you but does no damage.
The killer bee misses you. The killer bee stings you.
* * * LOW HITPOINT WARNING * * *
The killer bee stings you.
* * * LOW HITPOINT WARNING * * *
The killer bee barely misses you.
The killer bee stings you but does no damage. x3
The killer bee misses you. The killer bee closely misses you.
Your Armour skill increases to level 5!
As you read the scroll of teleportation, it crumbles to dust.
You feel strangely unstable.
* * * LOW HITPOINT WARNING * * *
You feel very sick.
The killer bee stings you but does no damage.
The killer bee closely misses you. x2; The killer bee completely misses you.
The killer bee stings you but does no damage.
The killer bee misses you.
You die...

#. #.#.#.# #>
......# #
##.##......+ #.
.........# #.###
........# ...#
^[..... ...
#y#####..##.###.#
#@.yy........<#.#
###y...####...#.#
#....# #.#.#.#
####....####.#.#.#
...........#.#.#.##
.##................
#..........#.#.##
#..........#.#.##
##+#########.#..#


You could see 4 killer bees.

Vanquished Creatures
  The ghost of Jim1488 the Slasher, a novice HOMo (D:5)
  A steam dragon (D:6)
  An ogre (D:6)
  A centaur (D:5)
  A phantom (D:5)
  A scorpion (D:5)
  A killer bee (D:7)
  4 hounds
  A jelly (Sewer)
  An orc priest (D:4)
  2 sleepcaps
  2 iguanas
  An orc wizard (D:6)
  3 gnolls (D:7)
  4 river rats (Sewer)
  8 adders
  2 worms
  13 orcs
  5 endoplasms (Sewer)
  2 giant cockroaches (Sewer)
  2 jackals (D:4)
  2 quokkas (D:4)
  2 ball pythons (D:4)
  2 frilled lizards (Sewer)
  4 goblins (D:4)
  2 kobolds (D:4)
  4 rats
73 creatures vanquished.

Vanquished Creatures (others)
  6 jellies
  A hound (D:6)
  3 gnolls (D:4)
  An orc (D:4)
  A ball python (D:4)
12 creatures vanquished.

Grand Total: 85 creatures vanquished

Notes
Turn   | Place    | Note
-------+----------+-------------------------------------------
     0 | D:5      | AccursedSamuel the Tengu Delver began the quest for the
                  | Orb.
     0 | D:5      | Reached XP level 1. HP: 14/14 MP: 2/2
     8 | D:5      | Found a staircase to the Ecumenical Temple.
   142 | D:4      | Reached XP level 2. HP: 19/19 MP: 3/3
   170 | D:4      | Identified the +1 war axe of Kemuffou {freeze, Int+3}
   216 | D:4      | Found a glowing drain.
   242 | Sewer    | Entered a sewer
   311 | Sewer    | Reached XP level 3. HP: 4/23 MP: 4/4
   435 | Sewer    | Reached skill level 6 in Stealth
   455 | Sewer    | Reached XP level 4. HP: 9/28 MP: 5/5
   684 | Sewer    | Reached skill level 1 in Short Blades
   710 | Sewer    | Found a viscous altar of Jiyva.
   729 | Sewer    | Gained mutation: Your magical nature lets you fly swiftly
                  | and evasively. [Tengu growth]
   729 | Sewer    | Reached XP level 5. HP: 8/32 MP: 6/6
   833 | Sewer    | Became a worshipper of Jiyva Jefes the Shapeless
  1003 | D:4      | Reached skill level 1 in Armour
  1344 | D:4      | Found a sparkling altar of Nemelex Xobeh.
  1344 | D:4      | Reached * piety under Jiyva
  1344 | D:4      | Found a radiant altar of Vehumet.
  1345 | D:4      | Found an ornate altar of the Wu Jian Council.
  1415 | D:4      | Reached XP level 6. HP: 37/38 MP: 7/7
  1937 | D:5      | Found Cuxkiss's Book Boutique.
  2120 | D:5      | Found a runed translucent door.
  2152 | D:5      | Reached ** piety under Jiyva
  2329 | D:5      | Reached XP level 7. HP: 40/42 MP: 8/8
  2345 | D:5      | Found a broken altar of Ashenzari.
  2367 | D:5      | Found a blossoming altar of Fedhas.
  2539 | D:5      | Noticed Jim1488's ghost (novice HOMo)
  2609 | D:5      | Gained mutation: Your spells are a little easier to cast,
                  | but a little less powerful. [potion of mutation]
  2609 | D:5      | Gained mutation: You are covered in fur. (AC +1) [potion of
                  | mutation]
  2618 | D:5      | Killed Jim1488's ghost
  2677 | D:6      | Found a glowing silver altar of Zin.
  2678 | D:6      | Noticed an angel
  2961 | D:6      | Reached *** piety under Jiyva
  3065 | D:6      | Found a bloodstained altar of Trog.
  3106 | D:6      | Noticed a steam dragon
  3135 | D:6      | Killed a steam dragon
  3136 | D:6      | Reached XP level 8. HP: 14/48 MP: 9/9
  3373 | D:6      | Found Wukoif's Antique Weapon Boutique.
  3382 | D:6      | Bought a runed scimitar for 140 gold pieces
  3485 | D:6      | Found a shimmering altar of Xom.
  4275 | D:7      | Found a burning altar of Makhleb.
  4506 | D:7      | Reached skill level 5 in Armour
  4506 | D:7      | HP: 1/48 [poisoned by a killer bee]
  4507 | D:7      | Succumbed to a killer bee's poison

Illustrated notes

Levels and vault maps discovered:
D:4:      layout_basic, gammafunk_temple_overflow_forgotten,
          portal_sewer_entry_b
D:5:      layout_rooms, mainiacjoe_overflow_two_lobes, temple_pool_b,
          serial_shops, nicolae_shop_window_shopping, ebering_ghost_inner_flame
D:6:      layout_layer_cave, grunt_temple_overflow_order_and_chaos_1,
          lightli_temple_of_fire, serial_shops, nicolae_shop_behind_doors
D:7:      layout_basic, makhleb_heckhound_becter, dreamdust_gnoll_shepherd

Skill      XL: |  1  2  3  4  5  6  7  8 |
---------------+-------------------------+-----
Stealth        | 6 |  6.9
Short Blades   | 2 3 4 |  4.9
Armour         | 1 3 4 5 |  5.0
Dodging        | 3 4 |  4.1
Fighting       | 4 |  4.4
Long Blades    | |  2.2

Action                     |  1- 3 |  4- 6 |  7- 9 || total
---------------------------+-------+-------+-------++-------
  Melee: Falchion          |     2 |       |       ||     2
         Dagger            |    50 |   133 |    77 ||   260
         Kick              |    11 |    27 |    38 ||    76
         Peck              |     6 |    22 |    16 ||    44
         Punch             |       |     1 |     2 ||     3
         Scimitar          |       |       |    18 ||    18
    Use: Potion            |       |     3 |     4 ||     7
         Scroll            |       |     2 |     2 ||     4
   Stab: Sleeping          |     1 |     6 |     2 ||     9
 Armour: Leather armour    |    14 |     7 |       ||    21
         Ring mail         |       |    14 |    62 ||    76
  Dodge: Dodged            |    26 |    98 |   146 ||   270
